 Dungeon Crawl Stone Soup version 0.14.2 (webtiles) character file.

542 Amnesiac the Ducker (level 6, -1/30 HPs)
             Began as a Spriggan Gladiator on Feb 11, 2018.
             Slain by an ice beast (11 damage)
             ... on Level 5 of the Dungeon.
             The game lasted 00:07:01 (4896 turns).

Amnesiac the Ducker (Spriggan Gladiator)            Turns: 4896, Time: 00:07:01

HP  -1/30        AC  4     Str 13      XL: 6   Next: 43%
MP  12/12        EV 22     Int 10      God:
Gold 168         SH  0     Dex 16      Spells:  0 memorised,  5 levels left

rFire  . . .     SeeInvis +     a - +1 quarterstaff
rCold  . . .     Clarity  .     b - +0 animal skin
rNeg   . . .     Conserve .     (shield restricted)
rPois  .         rCorr    .     c - +1 hat
rElec  .         rRot     .     k - +0 cloak
SustAb . .       Spirit   .     (gloves unavailable)
rMut   .         Warding  .     (boots unavailable)
Saprov . . .     Stasis   .     (no amulet)
MR     +....                    (no ring)
                                (no ring)

@: very quick, somewhat resistant to hostile enchantments, unstealthy
A: unfitting armour, see invisible, herbivore 3, speed 3, slow metabolism 2
a: no special abilities


You were on level 5 of the Dungeon.
You were full.

You visited 1 branch of the dungeon, and saw 5 of its levels.

You collected 168 gold pieces.

Inventory:

Hand weapons
 a - a +1,+1 quarterstaff (weapon)
Missiles
 n - 3 poisoned needles
Armour
 b - a +0 animal skin (worn)
 c - a +1 hat (worn)
 k - a +0 cloak (worn)
Magical devices
 e - a wand of paralysis (10)
Comestibles
 i - a banana
 r - 2 meat rations
 t - a pear
 v - 2 bread rations
Scrolls
 d - a scroll of teleportation {!r}
 h - a scroll of enchant weapon II {!r}
 j - a scroll of enchant armour {!r}
 l - a scroll of recharging {!r}
 m - 3 scrolls of remove curse {!r}
 q - 2 scrolls of fog {!r}
Jewellery
 g - a +3 ring of evasion
Potions
 f - 3 potions of curing {!q}
 o - a potion of brilliance {!q}
 p - a potion of paralysis {!q}
 s - a potion of degeneration {!q}
 u - a potion of resistance {!q}


   Skills:
 - Level 1.5 Fighting
 * Level 4.7 Staves
 - Level 2.1 Throwing
 + Level 7.0 Dodging


You had 5 spell levels left.
You didn't know any spells.

Dungeon Overview and Level Annotations

Branches:
Dungeon (5/15)
 Temple: D:4-7

Altars:
Cheibriados
Fedhas
Xom
Zin


Innate Abilities, Weirdness & Mutations

You are tiny and cannot use many weapons and most armour.
You have supernaturally acute eyesight.
You are a herbivore.
You cover ground extremely quickly.
You need consume almost no food.


Message History

You closely miss the ice beast.
The ice beast is moderately wounded.
The ice beast misses you.
You hit the ice beast but do no damage.
The ice beast is moderately wounded.
The ice beast closely misses you.
You barely miss the ice beast.
The ice beast is moderately wounded.
The ice beast hits you but does no damage.
You hit the ice beast.
The ice beast is moderately wounded.
The ice beast misses you.
You hit the ice beast.
The ice beast is heavily wounded.
The ice beast closely misses you.
You barely miss the ice beast.
The ice beast is heavily wounded.
The ice beast misses you.
You barely miss the ice beast.
The ice beast is heavily wounded.
The ice beast hits you but does no damage.
You hit the ice beast but do no damage.
The ice beast is heavily wounded.
The ice beast misses you.
You closely miss the ice beast.
The ice beast is heavily wounded.
The ice beast closely misses you.
You hit the ice beast.
The ice beast is severely wounded.
The ice beast completely misses you.
You hit the ice beast.
The ice beast is severely wounded.
The ice beast misses you.
You hit the ice beast.
The ice beast is severely wounded.
The ice beast barely misses you.
You completely miss the ice beast.
The ice beast is severely wounded.
The ice beast misses you. The ice beast hits you. The ice beast freezes you!
* * * LOW HITPOINT WARNING * * *
You barely miss the ice beast.
The ice beast is severely wounded.
The ice beast misses you.
You hit the ice beast.
The ice beast is almost dead.
The ice beast misses you.
You barely miss the ice beast.
The ice beast is almost dead.
You hit the ice beast but do no damage.
The ice beast is almost dead.
The ice beast hits you but does no damage.
You hit the ice beast but do no damage.
The ice beast is almost dead.
The ice beast completely misses you.
You completely miss the ice beast.
The ice beast is almost dead.
The ice beast hits you but does no damage.
You hit the ice beast.
The ice beast is almost dead.
The ice beast hits you.
* * * LOW HITPOINT WARNING * * *
The ice beast freezes you!
You die...

##.....## #.......#
##...#...## ##....#....####
##.....#.......#
#....#####.....##
###...##...##.....#
#..I..#.....###....
##.@..###...#####...
##.....#.......###...
###....###.......#.###.
#.....##.....#.......##
##....###.....#.....)..#
###....##.#...#####.......
#.....##......#...#####.).
##....##......##...#...##..
##....###.......#...#..(#...


You could see an ice beast.

Vanquished Creatures
  A centaur (D:3)
  2 hounds
  An orc wizard (D:3)
  A worker ant (D:4)
  A gnoll (D:2)
  6 adders
  2 shadow imps (D:5)
  A worm (D:2)
  A giant eyeball (D:4)
  4 giant geckos
  6 orcs (D:3)
  A bat skeleton (D:4)
  13 hobgoblins
  18 jackals
  2 quokkas
  A ball python (D:1)
  6 bats
  2 giant cockroaches (D:1)
  2 giant newts (D:3)
  11 goblins
  10 kobolds
  An ooze (D:3)
  7 rats
  A rat skeleton (D:4)
101 creatures vanquished.

Vanquished Creatures (others)
  A giant gecko (D:2)
1 creature vanquished.

Grand Total: 102 creatures vanquished

Notes
Turn   | Place    | Note
--------------------------------------------------------------
     0 | D:1      | Amnesiac, the Spriggan Gladiator, began the quest for the Orb.
     0 | D:1      | Reached XP level 1. HP: 10/10 MP: 2/2
     2 | D:1      | Noticed a shark
   250 | D:1      | Reached XP level 2. HP: 9/14 MP: 4/4
   450 | D:1      | Reached skill level 5 in Dodging
  1024 | D:2      | Reached XP level 3. HP: 18/18 MP: 6/6
  1330 | D:2      | Found a shimmering altar of Xom.
  1355 | D:2      | Reached XP level 4. HP: 14/22 MP: 8/8
  2257 | D:3      | Reached skill level 6 in Dodging
  2997 | D:3      | Noticed a centaur
  3008 | D:3      | Reached XP level 5. HP: 14/25 MP: 10/10
  3146 | D:3      | Killed a centaur
  3256 | D:4      | Paralysed by a giant eyeball for 3 turns
  3462 | D:4      | Found a shimmering altar of Xom.
  3544 | D:4      | Found a blossoming altar of Fedhas.
  3547 | D:4      | Found a snail-covered altar of Cheibriados.
  3551 | D:4      | Found a glowing silver altar of Zin.
  3607 | D:3      | HP: 1/25 [orc wizard/magic dart (9)]
  4178 | D:4      | Reached XP level 6. HP: 28/30 MP: 12/12
  4443 | D:5      | Entered Level 5 of the Dungeon
  4657 | D:5      | Reached skill level 7 in Dodging
  4896 | D:5      | Slain by an ice beast

Action                   |  1- 3 |  4- 6 || total
-------------------------+-------+-------++-------
Melee: Quarterstaff      |   108 |   216 ||   324
       Spear             |     9 |    46 ||    55
Throw: Throwing net      |       |     3 ||     3
Evoke: Wand              |       |     1 ||     1
  Use: Potion            |     1 |     3 ||     4
       Scroll            |       |    14 ||    14
 Stab: Held in net/web   |       |     1 ||     1
       Sleeping          |       |     1 ||     1
